 Dungeon Sprint DCSS version 0.30-a0-808-g6e0788376e (webtiles) character file.

Game seed: 1039028805380590886

3072 rocky1 the Zephyrmancer (level 9, -2/55 HPs)
             Began as a Tengu Air Elementalist on Feb 26, 2023.
             Was a High Priest of Sif Muna.
             Slain by a minotaur (31 damage)
             ... in the Dungeon (Sprint VII: "The Pits").
             The game lasted 00:11:37 (2873 turns).

rocky1 the Zephyrmancer (Tengu Air Elementalist)    Turns: 2873, Time: 00:11:38

Health: -2/55      AC:  6    Str:  9    XL:     9   Next: 88%
Magic:  18/23      EV: 22    Int: 22    God:    Sif Muna [*****.]
Gold:   0          SH:  0    Dex: 15    Spells: 1/27 levels left

rFire   . . .      SeeInvis .    u - +2 scimitar "Ufot" {speed, Int+3 Stlth+}
rCold   . . .      Faith    .    (no shield)
rNeg    . . .      Spirit   .    a - +0 robe
rPois   .          Reflect  .    (helmet restricted)
rElec   .          Harm     .    (no cloak)
rCorr   .          Rampage  .    t - +0 pair of gloves
Will    .....      NoTele   +    (boots unavailable)
Stlth   ++++                     (no amulet)
HPRegen 0.29/turn                d - +3 ring of evasion
MPRegen 0.18/turn                g - +3 ring of protection

@: flying quickly and evasively, invisible, quick
A: beak, talons 3, nimble flight
a: Renounce Religion, Channel Magic, Forget Spell, Divine Exegesis


You were in the Dungeon.
You worshipped Sif Muna.
Sif Muna was extremely pleased with you.
You visited 1 branch

Inventory:

Hand Weapons
 k - a +2 falchion
 m - a +2 long sword of flaming
 p - a +1 dagger of venom
 u - the +2 scimitar "Ufot" (weapon) {speed, Int+3 Stlth+}
   (You found it in the Dungeon)

   Int:       It affects your intelligence (+3).
   Stlth:     It makes you more stealthy.
Missiles
 c - 4 curare-tipped darts
Armour
 a - a +0 robe (worn)
 l - a +3 ring mail
 s - a +5 ring mail
 t - a +0 pair of gloves (worn)
Jewellery
 d - a +3 ring of evasion (left hand)
 g - a +3 ring of protection (right hand)
Wands
 j - a wand of mindburst (5)
Scrolls
 i - 5 scrolls of amnesia
Potions
 b - 5 potions of magic
 e - a potion of haste
 f - 3 potions of berserk rage
 h - a potion of invisibility
 n - a potion of resistance
 o - 4 potions of heal wounds
 q - a potion of might
 r - 2 potions of brilliance


   Skills:
 + Level 5.9 Fighting
 + Level 8.5 Long Blades
 + Level 8.9 Dodging
 + Level 4.7 Stealth
 + Level 9.5 Spellcasting
 + Level 9.5 Conjurations
 + Level 13.4 Air Magic
 * Level 8.2 Invocations


You had one spell level left.
You knew the following spells:

 Your Spells              Type           Power      Damage    Failure   Level
a - Shock                 Conj/Air       100%       1d9       1%          1
b - Swiftness             Air            63%        N/A       1%          3
c - Static Discharge      Conj/Air       100%       2-7/arc   1%          2
d - Airstrike             Air            31%        2d(5-21)  1%          4
e - Iron Shot             Conj/Erth      15%        9d4       80%         6
f - Starburst             Conj/Fire      15%        6d6       80%         6
g - Iskenderun's Mystic   Conj/Tloc      31%        2d8       9%          4

Your spell library contained the following spells:

 Spells                   Type           Power      Damage    Failure   Level
 Dazzling Flash           Conj/Hex       62%        N/A       2%          3
 Spider Form              Tmut/Pois      10%        N/A       19%         3
 Blade Hands              Tmut           5%         N/A       87%         5
 Eringya's Noxious Bog    Tmut/Pois      5%         N/A       100%        6


Dungeon Overview and Level Annotations

Branches:
Dungeon (1/1)

Altars:
Ashenzari
Cheibriados
Dithmenos
Elyvilon
Fedhas
Gozag
Hepliaklqana
Kikubaaqudgha
Makhleb
Nemelex Xobeh
Okawaru
Qazlal
Ru
Sif Muna
Trog
Uskayaw
Vehumet
Wu Jian
Xom
Yredelemnul
Zin
The Shining One
Jiyva
Lugonu


Innate Abilities, Weirdness & Mutations

You have a beak for a mouth.
You have claws for feet.
Your magical nature lets you fly swiftly and evasively.


Message History

Unknown command.
A minotaur comes into view.
You are engulfed in noxious fumes.
You choke on the stench!
You are more confused.
The swamp drake closely misses you.
You see here a dream sheep corpse.
The minotaur bellows!
You hit the swamp drake. Your peck misses the swamp drake.
The swamp drake is lightly wounded.
You are engulfed in noxious fumes.
You choke on the stench!
You are more confused.
Okay, then.
You barely miss the swamp drake. Your kick misses the swamp drake.
The swamp drake is lightly wounded.
The swamp drake bites you.
You slash the swamp drake!
You claw the swamp drake, but do no damage.
The swamp drake is heavily wounded.
You bump into the metal wall.
The swamp drake bites you!
You bump into the metal wall.
You barely miss the minotaur.
The minotaur furiously retaliates!
The minotaur headbutts you, but does no damage.
You claw the minotaur, but do no damage.
You feel less confused.
A white imp comes into view.
The white imp shouts!
You hit the minotaur.
You peck the minotaur, but do no damage.
The minotaur is lightly wounded.
The minotaur completely misses you.
The minotaur gores you but does no damage.
You fade into invisibility!
A tyrant leech comes into view.
The swamp drake breathes poison at you.
The noxious blast engulfs the minotaur but does no damage.
The minotaur is poisoned.
The minotaur is engulfed in noxious fumes.
The minotaur hits you!!
Ouch! That really hurt!
You die...

..#..#......##..)...........#
............##..............#
#####''######################
...##''# ####### ...##..#
w.... ...##..# ○5.
...##..#### #k#
...##..#..#####H##
...##..#....##○○@#
...##..'.....#○○○#
#####..'.....'○..+
#####..'.....#...#
.[[##..#....##...#
...##..#..#####.##
.))##..#### #+# .).##..#
.))##..#


You could see a minotaur (unable to see you, poisoned), a tyrant leech
(wandering, unable to see you), a swamp drake (unable to see you) and a white
imp (unable to see you).

Vanquished Creatures
  Sonja (D)
  An ice devil (D)
  A red devil (D)
  A tarantella (D)
  4 dream sheep (D)
  2 ogres (D)
  A kobold brigand (D)
  4 killer bees (D)
  A crimson imp (D)
  A jelly (D)
  A gnoll bouda (D)
  5 gnolls (D)
  A river rat (D)
  An adder (D)
  An ufetubus (D)
  A worm (D)
  3 orcs (D)
  A bat skeleton (D)
  2 endoplasms (D)
  A goblin (D)
  A hobgoblin (D)
  A jackal (D)
  3 ball pythons (D)
  A kobold (D)
40 creatures vanquished.

Vanquished Creatures (collateral kills)
  A death yak (D)
1 creature vanquished.

Grand Total: 41 creatures vanquished

Notes
Turn   | Place    | Note
-------+----------+-------------------------------------------
     0 | D        | rocky1 the Tengu Air Elementalist began the quest for the
                  | Orb.
     0 | D        | Reached XP level 1. HP: 10/10 MP: 4/4
    21 | D        | Found a bloodstained altar of Trog.
    21 | D        | Found a shimmering blue altar of Sif Muna.
    21 | D        | Found a viscous altar of Jiyva.
    21 | D        | Found a hazy altar of Hepliaklqana.
    21 | D        | Found an opulent altar of Gozag.
    22 | D        | Found a glowing golden altar of the Shining One.
    22 | D        | Found a glowing silver altar of Zin.
    22 | D        | Found a basalt altar of Yredelemnul.
    22 | D        | Found a shimmering altar of Xom.
    22 | D        | Found an ornate altar of the Wu Jian Council.
    22 | D        | Found a sacrificial altar of Ru.
    22 | D        | Found a stormy altar of Qazlal.
    22 | D        | Found an iron altar of Okawaru.
    22 | D        | Found a sparkling altar of Nemelex Xobeh.
    22 | D        | Found a burning altar of Makhleb.
    22 | D        | Found a blossoming altar of Fedhas.
    22 | D        | Found a white marble altar of Elyvilon.
    22 | D        | Found a shadowy altar of Dithmenos.
    22 | D        | Found a snail-covered altar of Cheibriados.
    25 | D        | Found a corrupted altar of Lugonu.
    25 | D        | Found a radiant altar of Vehumet.
    26 | D        | Found an ancient bone altar of Kikubaaqudgha.
    26 | D        | Found a hide-covered altar of Uskayaw.
    26 | D        | Found a broken altar of Ashenzari.
    27 | D        | Became a worshipper of Sif Muna the Loreminder
   278 | D        | Reached skill level 5 in Air Magic
   323 | D        | Reached * piety under Sif Muna
   324 | D        | Reached XP level 2. HP: 13/15 MP: 2/6
   325 | D        | Reached skill level 6 in Air Magic
   568 | D        | Reached ** piety under Sif Muna
   583 | D        | Noticed a crimson imp
   620 | D        | Killed a crimson imp
   621 | D        | Reached skill level 7 in Air Magic
   621 | D        | Reached XP level 3. HP: 10/20 MP: 3/9
   921 | D        | Learned a level 3 spell: Swiftness
   935 | D        | Reached *** piety under Sif Muna
   936 | D        | Reached skill level 1 in Fighting
   936 | D        | Reached skill level 1 in Long Blades
   936 | D        | Reached XP level 4. HP: 14/25 MP: 6/10
   939 | D        | Reached skill level 8 in Air Magic
   940 | D        | Reached **** piety under Sif Muna
   947 | D        | Gained mutation: Your magical nature lets you fly swiftly
                  | and evasively. [Tengu growth]
   947 | D        | Reached XP level 5. HP: 30/30 MP: 1/12
   954 | D        | Reached skill level 9 in Air Magic
  1255 | D        | Learned a level 2 spell: Static Discharge
  1260 | D        | Learned a level 4 spell: Airstrike
  1276 | D        | Reached ***** piety under Sif Muna
  1277 | D        | Reached skill level 5 in Conjurations
  1293 | D        | Noticed an ogre
  1293 | D        | Noticed a kobold brigand
  1293 | D        | Noticed an ogre
  1298 | D        | Received a gift from Sif Muna
  1299 | D        | Reached skill level 5 in Spellcasting
  1299 | D        | Reached skill level 1 in Invocations
  1300 | D        | Killed a kobold brigand
  1301 | D        | Reached XP level 6. HP: 36/36 MP: 8/15
  1302 | D        | Reached skill level 5 in Dodging
  1306 | D        | Reached skill level 10 in Air Magic
  1308 | D        | Got Sif Muna's Vademecum on the Crater and Shapes {god
                  | gift}
  1692 | D        | Noticed a tarantella
  1700 | D        | Reached XP level 7. HP: 33/41 MP: 12/17
  1707 | D        | Killed a tarantella
  1708 | D        | Reached skill level 5 in Long Blades
  1708 | D        | Reached skill level 11 in Air Magic
  1722 | D        | Received a gift from Sif Muna
  1732 | D        | Reached skill level 5 in Invocations
  2010 | D        | Got the +2 scimitar "Ufot" {speed, Int+3 Stlth+}
  2101 | D        | Noticed an ice devil
  2102 | D        | Noticed a red devil
  2105 | D        | Killed an ice devil
  2106 | D        | Reached XP level 8. HP: 48/48 MP: 6/19
  2110 | D        | Killed a red devil
  2234 | D        | Learned a level 6 spell: Iron Shot
  2241 | D        | Learned a level 6 spell: Starburst
  2258 | D        | Noticed a death yak
  2258 | D        | Noticed an ice dragon
  2258 | D        | Noticed a guardian mummy
  2291 | D        | Noticed a death yak
  2291 | D        | Noticed Sonja
  2301 | D        | Killed Sonja
  2302 | D        | Reached skill level 5 in Fighting
  2302 | D        | Reached skill level 12 in Air Magic
  2302 | D        | Reached XP level 9. HP: 20/54 MP: 20/22
  2306 | D        | Killed a death yak
  2307 | D        | Reached skill level 13 in Air Magic
  2844 | D        | Learned a level 4 spell: Iskenderun's Mystic Blast
  2861 | D        | Received a gift from Sif Muna
  2864 | D        | Noticed a minotaur
  2873 | D        | Noticed a tyrant leech
  2873 | D        | Slain by a minotaur

Illustrated notes

Levels and vault maps discovered:
D:        pitsprint [storerooms_1, entrance_room_1, metal_vault_1, armoury_1,
          mini_pit_1, grid_room_1, main_hall_1, silver_pit, the_coven_1,
          the_vestibule_1, steel_vault_3, golden_pit, hallway_of_sentries,
          crystal_vault_4, iron_vault_1, final_vault]

Skill      XL: |  1  2  3  4  5  6  7  8  9 |
---------------+----------------------------+-----
Air Magic      | 5 7 8 9 10 11 12 13 | 13.4
Conjurations   | 2 3 4 5 7 8 9 |  9.5
Dodging        | 3 4 5 6 7 8 |  8.9
Spellcasting   | 3 4 5 6 7 8 9 |  9.5
Fighting       | 1 2 3 4 5 |  5.9
Long Blades    | 1 3 4 6 7 8 |  8.5
Stealth        | 3 4 |  4.7
Invocations    | 2 4 5 6 8 |  8.2

Action                     |  1- 3 |  4- 6 |  7- 9 || total
---------------------------+-------+-------+-------++-------
  Melee: Falchion          |    25 |       |       ||    25
         Kick              |     7 |     2 |     7 ||    16
         Peck              |     4 |       |     1 ||     5
         Long sword        |       |    11 |     4 ||    15
         Scimitar          |       |       |    13 ||    13
   Cast: Shock             |    23 |    25 |    15 ||    63
         Airstrike         |       |       |     7 ||     7
         Static Discharge  |       |       |     1 ||     1
 Invoke: Channel Magic     |       |       |     1 ||     1
    Use: Potion            |       |     1 |    15 ||    16
         Scroll            |       |       |     2 ||     2
   Stab: Distracted        |       |       |     1 ||     1
 Armour: Robe              |     5 |     1 |     5 ||    11
  Dodge: Dodged            |    16 |    20 |    78 ||   114

Table legend: (Time is in decaauts)
 A = Elapsed time spent in this place.
 B = Non-inter-level travel time spent in this place.
 C = Inter-level travel time spent in this place.
 D = Time resting spent in this place.
 E = Time spent auto-exploring this place.
 F = Levels seen in this place.
 G = Mean time per level.
                   A        B        C        D        E       F      G
               +--------+--------+--------+--------+--------+-----+--------+
         Total |   2874 |   2818 |     56 |   2276 |      0 |   1 | 2874.0 |
       Dungeon |   2874 |   2818 |     56 |   2276 |      0 |   1 | 2874.0 |
               +--------+--------+--------+--------+--------+-----+--------+

Top non-repeatable levels by time:
       D: 2874 daAuts
